 Dungeon Crawl Stone Soup version 0.18-a0-964-g5edc98f (webtiles) character file.

7862 Morbidden the Devastator (level 11, -2/93 HPs)
             Began as a Tengu Conjurer on Jan 1, 2016.
             Was an Elder of Okawaru.
             Slain by Gastronok (12 damage)
             ... on level 1 of the Lair of Beasts.
             The game lasted 01:15:42 (14968 turns).

Morbidden the Devastator (Tengu Conjurer)          Turns: 14968, Time: 01:15:43

Health: -2/93      AC: 13    Str: 13    XL:     11   Next: 21%
Magic:  7/18       EV: 21    Int: 24    God:    Okawaru [****..]
Gold:   491        SH:  6    Dex: 22    Spells: 4 memorised, 5 levels left

rFire  . . .     SeeInvis .     i - +3 morningstar (protect)
rCold  . . .     Gourm    .     C - +4 robe "Toskif" {Int+6 Dex+6 Stlth-}
rNeg   . . .     Faith    +     n - +0 buckler
rPois  .         Spirit   .     (helmet restricted)
rElec  .         Dismiss  .     a - +1 cloak
rCorr  .         Reflect  .     (no gloves)
SustAt +         Harm     .     (boots unavailable)
MR     .....                    A - amulet of faith
Stlth  ..........               (no ring)
                                I - ring of sustain attributes

@: berserking, slowed, not resistant to hostile enchantments, extremely
unstealthy
A: beak, talons 3, able to fly 1
a: Fly, Heroism, Renounce Religion


You were on level 1 of the Lair of Beasts.
You worshipped Okawaru.
Okawaru was greatly pleased with you.
You were not hungry.

You visited 3 branches of the dungeon, and saw 12 of its levels.
You also visited: Sewer and Ossuary.

You collected 896 gold pieces.
You spent 405 gold pieces at shops.

Inventory:

Hand Weapons
 i - a +3 morningstar of protection (weapon)
Armour
 a - a +1 cloak (worn)
 n - a +0 buckler (worn)
 C - the +4 robe "Toskif" (worn) {Int+6 Dex+6 Stlth-}
   (You found it on level 8 of the Dungeon)

   It affects your intelligence (+6).
   It affects your dexterity (+6).
   It makes you less stealthy.
Magical Staves
 M - an uncursed staff of earth
Jewellery
 A - an amulet of faith (around neck)
 I - a ring of sustain attributes (left hand)
 O - an uncursed amulet of regeneration
Wands
 r - a wand of hasting (2/9)
 F - a wand of disintegration (13/24)
 Q - a wand of digging (18/24)
Scrolls
 l - 7 scrolls of teleportation
 s - a scroll of blinking
 x - a scroll of fog {unknown}
 y - 3 scrolls of remove curse
 G - a scroll of recharging {unknown}
 K - 2 scrolls of enchant armour {unknown}
Potions
 d - 3 potions of curing
 e - a potion of experience {unknown}
 f - 3 potions of agility
 h - 2 potions of resistance
 j - 3 potions of lignification
 k - 5 potions of brilliance
 m - a potion of might
 o - a potion of flight
 p - 3 potions of cure mutation
 t - 2 potions of haste {unknown}
 u - 2 potions of mutation {unknown}
 v - a potion of beneficial mutation {unknown}
Books
 b - a book of Conjurations

   Spells                             Type                      Level
   a - Magic Dart                     Conjuration                  1
   b - Searing Ray                    Conjuration                  2
   c - Dazzling Spray                 Conjuration/Hexes            3
   d - Fulminant Prism                Conjuration/Hexes            4
   e - Iskenderun's Mystic Blast      Conjuration                  4
   f - Iskenderun's Battlesphere      Conjuration/Charms           5
 z - a Grand Grimoire

   Spells                             Type                      Level
   a - Monstrous Menagerie            Summoning                    6
   b - Summon Greater Demon           Summoning                    7
   c - Malign Gateway                 Summoning/Translocation      7
   d - Summon Horrible Things         Summoning                    8
 B - a book of the Warp

   Spells                             Type                      Level
   a - Recall                         Summoning/Translocation      3
   b - Gell's Gravitas                Hexes/Translocation          3
   c - Force Lance                    Conjuration/Translocation    4
   d - Phase Shift                    Translocation                5
   e - Warp Weapon                    Charms/Translocation         5
   f - Summon Forest                  Summoning/Translocation      5
 N - a book of Hinderance

   Spells                             Type                      Level
   a - Confusing Touch                Hexes                        2
   b - Confuse                        Hexes                        3
   c - Gell's Gravitas                Hexes/Translocation          3
   d - Petrify                        Transmutation/Earth          4
   e - Metabolic Englaciation         Hexes/Ice                    5
   f - Yara's Violent Unravelling     Hexes/Transmutation          5
Comestibles
 c - 3 bread rations
 g - a meat ration
 L - 9 fruits


   Skills:
 + Level 4.4 Fighting
 + Level 4.4 Maces & Flails
 + Level 9.1 Dodging
 - Level 2.0 Stealth
 * Level 3.3 Shields
 - Level 4.6 Spellcasting
 + Level 15.4 Conjurations
 + Level 2.0 Charms
 - Level 0.1 Translocations


You had 5 spell levels left.
You knew the following spells:

 Your Spells              Type           Power        Failure   Level  Hunger
a - Magic Dart            Conj           ####         0%          1    None
b - Iskenderun's Mystic   Conj           ######..     1%          4    ####...
c - Iskenderun's Battles  Conj/Chrm      #####...     10%         5    #####..
d - Force Lance           Conj/Tloc      #####...     6%          4    ####...


Dungeon Overview and Level Annotations

Branches:
Dungeon (10/15)            Temple (1/1) D:5            Lair (1/8) D:10
    Orc: D:9-12

Altars:
Ashenzari
Cheibriados
Dithmenos
Elyvilon
Fedhas
Gozag
Kikubaaqudgha
Makhleb
Nemelex Xobeh
Okawaru
Pakellas
Qazlal
Ru
Sif Muna
Trog
Vehumet
Xom
Yredelemnul
Zin
The Shining One
Lugonu

Shops:
D:10 [

Annotations:
D:2 exclusion: downstairs
D:4 exclusion: downstairs
D:6 exclusion: downstairs
D:8 exclusion: downstairs
Lair:1 Gastronok, Urug


Innate Abilities, Weirdness & Mutations

You have a beak for a mouth.
You have claws for feet.
You can fly.


Message History

You feel much better.
Gastronok chants a spell, wobbling all the while.
Unknown command.
Drink which item? (? for menu, Esc to quit)
A red film seems to cover your vision as you go berserk!
You feel yourself moving faster!
You feel mighty!
You feel less woody.
Your +1 cloak unmelds from your body.
The +4 robe "Toskif" {Int+6 Dex+6 Stlth-} unmelds from your body.
Gastronok waves his eye-stalks in wide circles.
The air twists around and strikes you!
* * * LOW HITPOINT WARNING * * *
Unknown command.
You sock Gastronok! You claw Gastronok! Your peck misses Gastronok.
Gastronok is severely wounded.
The rat barely misses you.
You sock Gastronok! You peck Gastronok.
Gastronok is severely wounded.
The rat barely misses you. Gastronok bites you!
You die...

##### ### ######### ##
#.#.##########.###.##P##.###..w.
##.......##P..F..F..w........#
#.#####.###..######..#####.##
#.# #.###.## #### # #.#
##..##.####### #.#
#.#.....bw@..<## ##
#.###........#r....###########.
#.##....###..r#.....#.#........
#.#.#.#..##..............###..#
#.#.....# #.........####...##.#
#.#...#.# ####.#...#.. .....^..
#.......####.#.#P....####.####.
#.................##.# ## ##
#.......#####..#### .#


You could see Gastronok, a quokka, a bat and a rat.

Vanquished Creatures
  Pikel (D:5)
  A hill giant (D:10)
  A spiny frog (Lair:1)
  Grinder (D:5)
  Sigmund (D:3)
  A wraith (D:10)
  A wyvern (D:8)
  2 hungry ghosts
  2 hippogriffs
  A wolf (D:9)
  Menkaure (D:5)
  A water moccasin (Lair:1)
  2 porcupines (Lair:1)
  3 orc warriors
  A black bear (D:9)
  A wasp (D:8)
  2 ice beasts
  A sky beast (D:10)
  2 phantoms
  2 centaurs (D:9)
  3 ogres
  4 big kobolds
  2 wyvern zombies
  4 gnoll sergeants (D:9)
  7 giant frogs
  4 scorpions
  A troll zombie (Ossuary)
  10 wights
  4 jellies
  4 centaur zombies
  6 crimson imps
  6 hounds
  An orc priest (D:9)
  3 gnoll shamans
  A human zombie (Ossuary)
  2 orc wizards
  2 centaur skeletons
  Jessica (D:3)
  A giant frog skeleton (D:5)
  2 iguanas
  3 worker ants
  An ogre zombie (Ossuary)
  7 mummies (Ossuary)
  2 hound skeletons
  4 worker ant zombies
  26 gnolls
  11 adders
  6 river rats
  A shadow imp (D:8)
  An ooze (D:5)
  2 adder zombies (Ossuary)
  6 adder skeletons
  A worm (D:6)
  6 giant geckos
  25 orcs
  6 giant cockroaches
  2 gnoll zombies (Ossuary)
  8 goblins
  5 hobgoblins
  A jackal (D:9)
  27 kobolds
  3 quokkas
  7 ball pythons
  20 bats
  5 giant newts
  8 goblin zombies (Ossuary)
  3 hobgoblin zombies (Ossuary)
  5 kobold zombies (Ossuary)
  An orc zombie (Ossuary)
  2 quokka zombies (Ossuary)
  31 rats
  A rat zombie (Ossuary)
333 creatures vanquished.

Vanquished Creatures (others)
  An adder (D:5)
1 creature vanquished.

Grand Total: 334 creatures vanquished

Notes
Turn   | Place    | Note
--------------------------------------------------------------
     0 | D:1      | Morbidden the Tengu Conjurer began the quest for the Orb.
     0 | D:1      | Reached XP level 1. HP: 10/10 MP: 4/4
   173 | D:1      | Reached XP level 2. HP: 13/15 MP: 4/6
   573 | D:2      | Reached skill level 6 in Conjurations
   610 | D:2      | Reached XP level 3. HP: 19/19 MP: 2/7
   916 | D:2      | Found an ancient bone altar of Kikubaaqudgha.
  1240 | D:2      | Reached XP level 4. HP: 24/24 MP: 2/8
  1267 | D:3      | Reached skill level 7 in Conjurations
  1679 | D:3      | Noticed Jessica
  1683 | D:3      | Killed Jessica
  1683 | D:3      | Reached skill level 8 in Conjurations
  1683 | D:3      | Gained mutation: You can fly. [Tengu growth]
  1683 | D:3      | Reached XP level 5. HP: 28/28 MP: 5/9
  1773 | D:3      | Learned a level 4 spell: Iskenderun's Mystic Blast
  1809 | D:3      | Noticed Sigmund
  1981 | D:3      | Killed Sigmund
  1981 | D:3      | Reached skill level 9 in Conjurations
  1981 | D:3      | Reached XP level 6. HP: 32/32 MP: 0/10
  2305 | D:4      | Found a stormy altar of Qazlal.
  2336 | D:4      | Found an oddly glowing altar of Pakellas.
  2391 | D:4      | Found a sand-covered staircase.
  2401 | Ossuary  | Entered an ossuary
  2674 | Ossuary  | Reached skill level 10 in Conjurations
  3391 | Ossuary  | Reached XP level 7. HP: 36/36 MP: 5/11
  4449 | Ossuary  | Reached skill level 1 in Fighting
  4635 | Ossuary  | Reached skill level 11 in Conjurations
  5189 | D:5      | Entered Level 5 of the Dungeon
  5436 | D:5      | Noticed Menkaure
  5908 | D:5      | Reached XP level 8. HP: 40/43 MP: 7/12
  6000 | D:5      | Killed Menkaure
  6274 | D:5      | Found a staircase to the Ecumenical Temple.
  6285 | Temple   | Entered the Ecumenical Temple
  6351 | D:5      | Noticed Grinder
  6351 | D:5      | Paralysed by Grinder for 5 turns
  6363 | D:5      | Killed Grinder
  6363 | D:5      | Reached skill level 12 in Conjurations
  6588 | D:5      | Noticed Pikel
  6681 | D:5      | Killed Pikel
  6681 | D:5      | Reached skill level 1 in Maces & Flails
  6681 | D:5      | Reached XP level 9. HP: 47/49 MP: 1/15
  6872 | D:5      | Reached skill level 5 in Dodging
  7050 | D:6      | Found a glowing drain.
  7054 | Sewer    | Entered a sewer
  7226 | Sewer    | Learned a level 5 spell: Iskenderun's Battlesphere
  8113 | D:6      | Found an iron altar of Okawaru.
  8114 | D:6      | Found a shattered altar of Ashenzari.
  8114 | D:6      | Found a bloodstained altar of Trog.
  8116 | D:6      | Found a basalt altar of Yredelemnul.
  8116 | D:6      | Found a radiant altar of Vehumet.
  8118 | D:6      | Found a blossoming altar of Fedhas.
  8118 | D:6      | Found a glowing silver altar of Zin.
  8119 | D:6      | Found a burning altar of Makhleb.
  8123 | D:6      | Became a worshipper of Warmaster Okawaru
  8872 | D:6      | Reached skill level 13 in Conjurations
  9527 | D:7      | Reached skill level 1 in Charms
  9865 | D:7      | Reached * piety under Okawaru
 10242 | D:8      | Reached XP level 10. HP: 42/56 MP: 4/17
 10358 | D:8      | Got a heavy robe
 10359 | D:8      | Identified the +4 robe "Toskif" {Int+6 Dex+6 Stlth-} (You found it on level 8 of the Dungeon)
 10611 | D:8      | Reached skill level 14 in Conjurations
 10966 | D:8      | Learned a level 4 spell: Force Lance
 11507 | D:9      | Reached ** piety under Okawaru
 12191 | D:9      | Found a burning altar of Makhleb.
 12612 | D:9      | Reached skill level 1 in Shields
 12655 | D:9      | Reached *** piety under Okawaru
 12694 | D:9      | Found a blossoming altar of Fedhas.
 12897 | D:9      | Found a shadowy altar of Dithmenos.
 13450 | D:10     | Entered Level 10 of the Dungeon
 13460 | D:10     | Reached skill level 15 in Conjurations
 13655 | D:10     | Noticed a hill giant
 13661 | D:10     | Killed a hill giant
 13661 | D:10     | Reached **** piety under Okawaru
 13661 | D:10     | Reached XP level 11. HP: 23/61 MP: 2/18
 14034 | D:10     | Found Wuokkaon's Antique Armour Shoppe.
 14298 | D:10     | Bought a glowing troll leather armour for 405 gold pieces
 14418 | D:10     | Found a staircase to the Lair.
 14529 | Lair:1   | Entered Level 1 of the Lair of Beasts
 14679 | Lair:1   | Noticed Urug
 14913 | Lair:1   | Noticed Gastronok
 14968 | Lair:1   | Slain by Gastronok

Vault maps used:
D:1:      dpeg_arrival_houses_and_road
D:2:      marbit_many_paths, first_bread, kennysheep_generic_room_11
D:3:      minmay_misc_feat_diagonals, uniq_sigmund, uniq_jessica
D:4:      grunt_qazlal_sundering, nicolae_ossuary_entry_monument,
          grunt_pakellas_basics
D:5:      minmay_temple_entry_glassed_door, uniq_pikel, uniq_menkaure,
          uniq_grinder
D:6:      grunt_temple_overflow_open, gup_sewer_entry_bowl
D:9:      kennysheep_mini, serial_gnoll_camp, gnoll_camp_mini_sergeant,
          gnoll_camp_medium_01, gnoll_camp_mini_loothouse,
          gnoll_camp_mini_house, gnoll_camp_mini_hut, gnoll_camp_mini_hut,
          hangedman_tree_tricks, makhleb_heckhound_becter
D:10:     grunt_lair_entry_orc_guard_hut, serial_shops, shop_coins,
          due_unseen_surprise
Temple:   corrupted_temple
Lair:1:   minmay_lair_venomous_thicket, uniq_gastronok, uniq_urug
Sewer:    sewer_minmay_treatment
Ossuary:  ossuary_boxes_badplayer

Action                   |  1- 3 |  4- 6 |  7- 9 | 10-12 || total
-------------------------+-------+-------+-------+-------++-------
Melee: Unarmed           |     4 |    12 |    25 |       ||    41
       Spear             |       |       |     5 |       ||     5
       Morningstar       |       |       |    92 |   117 ||   209
 Cast: Magic Dart        |    53 |   108 |   343 |   282 ||   786
       Iskenderun's Myst |       |     4 |    59 |    56 ||   119
       Force Lance       |       |       |       |     9 ||     9
       Iskenderun's Batt |       |       |       |     4 ||     4
 Abil: Fly               |       |     1 |     1 |     1 ||     3
Evoke: Wand              |       |       |       |     1 ||     1
  Use: Scroll            |       |     4 |    14 |    10 ||    28
       Potion            |       |     1 |     4 |     4 ||     9
 Stab: Sleeping          |       |       |     2 |       ||     2
  Eat: Chunk             |     2 |     3 |    17 |    15 ||    37
       Royal jelly       |       |     1 |     2 |       ||     3
       Beef jerky        |       |     1 |     1 |     2 ||     4
       Pizza             |       |     1 |     1 |       ||     2
       Meat ration       |       |       |     2 |     1 ||     3
       Fruit             |       |       |       |     6 ||     6
